 Dungeon Crawl Stone Soup version 0.32-a0-441-gaf4921d101 (webtiles) character file.

Game seed: 18047789361143958777

65 Amplified the Covered (level 3, -1/31 HPs)
             Began as a Mountain Dwarf Wanderer on Feb 23, 2024.
             Frozen to death by an endoplasm (5 damage)
             ... on level 2 of the Dungeon.
             The game lasted 00:02:32 (1442 turns).

Amplified the Covered (Mountain Dwarf Wanderer)     Turns: 1442, Time: 00:02:32

Health: -1/31      AC:  8    Str: 14    XL:     3   Next: 94%
Magic:  4/5        EV: 10    Int: 11    God:
Gold:   99         SH:  0    Dex: 12    Spells: 4/4 levels left

rFire   . . .        a - +0 mace
rCold   . . .        (no shield)
rNeg    . . .        b - +1 ring mail
rPois   .            j - +0 helmet
rElec   .            (no cloak)
rCorr   .            (no gloves)
SInv    .            (no boots)
Will    .....        (no amulet)
Stlth   +            (no ring)
HPRegen 0.25/turn    (no ring)
MPRegen 0.09/turn

%: no passive effects
@: no status effects
A: runic magic, artefact enchanting
a: no special abilities


You were on level 2 of the Dungeon.
You visited 1 branch of the dungeon, and saw 2 of its levels.

You collected 99 gold pieces.

Inventory:

Hand Weapons
 a - a +0 mace (weapon)
Missiles
 d - a throwing net
 f - 4 javelins (quivered)
 i - 5 poisoned darts
Armour
 b - a +1 ring mail (worn)
 j - a +0 helmet (worn)
Wands
 e - a wand of polymorph (3)
Scrolls
 c - a scroll of fear
 h - a scroll of identify
Potions
 g - a potion of mutation {unknown}


   Skills:
 * Level 3.1 Fighting
 * Level 2.4 Maces & Flails
 * Level 3.9 Armour
 + Level 1.3 Spellcasting
 + Level 3.2 Hexes


You had 4 spell levels left.
You didn't know any spells.
Your spell library contained the following spells:

 Spells                   Type           Power      Damage    Failure   Level
 Slow                     Hex            28%        N/A       10%         1
 Tukima's Dance           Hex            7%         N/A       28%         3
 Apportation              Tloc           0%         N/A       34%         1
 Necrotise                Necr           0%         1d4       34%         1
 Sandblast                Erth           0%         2d4       34%         1
 Sting                    Conj/Alch      0%         1d3       34%         1
 Summon Small Mammal      Summ           0%         N/A       34%         1
 Cause Fear               Hex            3%         N/A       67%         4
 Passwall                 Erth           0%         N/A       71%         3
 Stone Arrow              Conj/Erth      0%         3d7       71%         3
 Brom's Barrelling Bould  Conj/Erth      0%         2d3       98%         4


Dungeon Overview and Level Annotations

Branches:
Dungeon (2/15)

Altars:


Innate Abilities, Weirdness & Mutations

Your spellcasting is much less encumbered by armour.
You can use scrolls of enchantment on lesser artefacts.


Message History

You are frozen.
You are too injured to fight recklessly!
You are too injured to fight recklessly!
You are too injured to fight recklessly!
You are too injured to fight recklessly!
Unknown command.
Unknown command.
Throw: 5 javelins
Press: ? - help, Q - select action, (/) - cycle Shift-Dir - straight line, f - adder
Aim: an adder (almost dead, 32% to hit)
You throw a javelin. The javelin pierces through the adder.
You kill the adder!
You feel sick. The endoplasm barely misses you.
Unknown command.
Unknown command.
Unknown command.
Unknown command.
You barely miss the endoplasm.
You feel sick. The endoplasm barely misses you.
You hit the endoplasm but do no damage.
You feel sick.
You are no longer poisoned.
The endoplasm freezes you.
You are frozen.
* * * LOW HITPOINT WARNING * * *
The endoplasm hits you but does no damage.
You barely miss the endoplasm. The endoplasm barely misses you.
You hit the endoplasm.
The endoplasm is severely wounded.
The endoplasm hits you.
* * * LOW HITPOINT WARNING * * *
You hit the endoplasm.
The endoplasm is almost dead.
The endoplasm freezes you.
You are frozen.
* * * LOW HITPOINT WARNING * * *
You hit the endoplasm but do no damage.
The endoplasm is almost dead.
The endoplasm hits you but does no damage.
The endoplasm freezes you.
You are frozen.
You die...

#### #... #.## #.#
#.# ## #.# ###..##
#.# ......J### #.##
#(...@.# #.#.
##.###.# ###.#. ..#
#.# #.....
#.###.##########>###.
#................# #.
#.#.############.###.
#.#.# #..... #.#.#
###.## #.#.# #.#


You could see an endoplasm.

Vanquished Creatures
  3 adders (D:2)
  3 dart slugs
  A ribbon worm (D:2)
  2 orcs (D:2)
  2 ball pythons
  3 bats (D:1)
  3 endoplasms
  2 giant cockroaches (D:2)
  6 hobgoblins
  2 frilled lizards
  A kobold (D:1)
28 creatures vanquished.

Notes
Turn   | Place    | Note
-------+----------+-------------------------------------------
     0 | D:1      | Amplified the Mountain Dwarf Wanderer began the quest for
                  | the Orb.
     0 | D:1      | Amplified set off with the following items: a +0 mace, a +0
                  | ring mail, a scroll of fear; and the following spell
                  | memorised: Slow; and the following spells available to
                  | memorise: Tukima's Dance, Cause Fear.
     0 | D:1      | Reached XP level 1. HP: 17/17 MP: 2/2
    57 | D:1      | Found a faded altar of an unknown god.
   170 | D:1      | Reached XP level 2. HP: 20/25 MP: 3/3
  1264 | D:2      | Reached XP level 3. HP: 27/30 MP: 4/4
  1442 | D:2      | Frozen to death by an endoplasm

Illustrated notes

Levels and vault maps discovered:
D:1:      lightli_arrival_statue_moat, layout_loops_cross,
          ebering_ecumenical_altar_ruins, minmay_tree_intersection,
          nicolae_concentric_dashed_squares_wild
D:2:      layout_loops_ring

Skill      XL: |  1  2  3 |
---------------+----------+-----
Maces & Flails | 2 |  2.4
Fighting       | 3 |  3.1
Armour         | |  3.9
Spellcasting   | |  1.3
Hexes          | |  3.2

Action                     || total
---------------------------++-------
  Melee: Mace              ||   136
  Throw: Javelin           ||     3
  Evoke: Wand              ||     1
    Use: Scroll            ||     6
         Potion            ||     2
 Armour: Ring mail         ||    95
         Skin              ||     6
  Dodge: Dodged            ||    76

Table legend: (Time is in decaauts)
 A = Elapsed time spent in this place.
 B = Non-inter-level travel time spent in this place.
 C = Inter-level travel time spent in this place.
 D = Time resting spent in this place.
 E = Time spent auto-exploring this place.
 F = Levels seen in this place.
 G = Mean time per level.
                   A        B        C        D        E       F      G
               +--------+--------+--------+--------+--------+-----+--------+
         Total |   1484 |   1366 |    118 |      9 |   1017 |   2 |  742.0 |
       Dungeon |   1484 |   1366 |    118 |      9 |   1017 |   2 |  742.0 |
               +--------+--------+--------+--------+--------+-----+--------+

Top non-repeatable levels by time:
     D:1: 797 daAuts
     D:2: 686 daAuts
